 Dungeon Crawl Stone Soup version 0.31-a0-538-gbc85326fa9 (console) character file.

Game seed: 15931043183943267710

5640 jejorda2 the Cleaver (level 10, 0/82 HPs)
             Began as a Gnoll Berserker on Aug 13, 2023.
             Was an Elder of Trog.
             Slain by an orc priest
             ... wielding a +0 short sword
              (3 damage)
             ... on level 9 of the Dungeon.
             The game lasted 00:15:23 (7397 turns).

jejorda2 the Cleaver (Gnoll Berserker)              Turns: 7397, Time: 00:15:24

Health: 0/82       AC: 19    Str: 21    XL:     10   Next: 74%
Magic:  18/18      EV:  8    Int:  6    God:    Trog [****..]
Gold:   424        SH:  5    Dex: 12    Spells: 20/20 levels left

rFire   . . .        a - +1 war axe
rCold   + . .        (no shield)
rNeg    . . .        s - +1 plate armour {rC+}
rPois   +            F - +0 helmet
rElec   .            n - +1 cloak {rPois}
rCorr   .            (no gloves)
SInv    .            E - +0 pair of boots {Stlth+}
Will    .....        c - amulet of reflection Stlth
                     (no ring)
HPRegen 0.33/turn    (no ring)
MPRegen 0.16/turn

%: reflection
@: on berserk cooldown, slowed, very slow
A: fangs 1, strong nose, distributed training
a: Renounce Religion, Berserk, Trog's Hand, Brothers in Arms


You were on level 9 of the Dungeon.
You worshipped Trog.
Trog was greatly pleased with you.
You visited 2 branches of the dungeon, and saw 10 of its levels.

You collected 1152 gold pieces.
You spent 728 gold pieces at shops.

Inventory:

Hand Weapons
 a - a +1 war axe (weapon)
 D - a +0 dire flail of draining
Missiles
 d - 3 curare-tipped darts
 p - 10 boomerangs
 I - 40 poisoned darts
Armour
 n - a +1 cloak of poison resistance (worn)
 s - a +1 plate armour of cold resistance (worn)
 E - a +0 pair of boots of stealth (worn)
 F - a +0 helmet (worn)
Jewellery
 c - an amulet of reflection (around neck)
Wands
 b - a wand of iceblast (5)
 w - a wand of flame (39)
 y - a wand of light (10)
 K - a wand of digging (10)
Scrolls
 h - a scroll of torment
 q - a scroll of fog
 r - 2 scrolls of teleportation
 x - 3 scrolls of enchant weapon
Potions
 f - a potion of curing
 g - a potion of heal wounds
 i - a potion of experience {unknown}
 k - 2 potions of attraction {unknown}
 m - a potion of invisibility {unknown}
 o - a potion of cancellation {unknown}
 u - 3 potions of resistance
 v - 2 potions of mutation
 z - a potion of might {unknown}
 A - a potion of ambrosia {unknown}
 C - a potion of haste {unknown}
 J - a potion of enlightenment {unknown}


   Skills:
 + Level 8.7 Fighting
 + Level 5.6 Short Blades
 + Level 5.6 Long Blades
 + Level 8.7 Axes
 + Level 5.6 Maces & Flails
 + Level 5.6 Polearms
 + Level 5.6 Staves
 + Level 5.6 Ranged Weapons
 + Level 5.6 Throwing
 + Level 7.3 Armour
 + Level 7.3 Dodging
 + Level 5.6 Stealth
 + Level 5.6 Shields
 + Level 5.6 Unarmed Combat
 + Level 5.6 Spellcasting
 + Level 4.6 Conjurations
 + Level 4.6 Hexes
 + Level 4.6 Summonings
 + Level 4.6 Necromancy
 + Level 4.6 Translocations
 + Level 4.6 Transmutations
 + Level 4.6 Fire Magic
 + Level 4.6 Ice Magic
 + Level 4.6 Air Magic
 + Level 4.6 Earth Magic
 + Level 4.6 Poison Magic
 + Level 6.2 Invocations
 + Level 5.6 Evocations
 + Level 4.6 Shapeshifting


You had 20 spell levels left.
You didn't know any spells.
Your spell library was empty.

Dungeon Overview and Level Annotations

Branches:
Dungeon (9/15)             Temple (1/1) D:7            Lair (0/5) D:9
    Orc (0/2) D:9

Altars:
Ashenzari
Cheibriados
Dithmenos
Elyvilon
Fedhas
Gozag
Hepliaklqana
Kikubaaqudgha
Makhleb
Nemelex Xobeh
Okawaru
Qazlal
Ru
Sif Muna
Trog
Uskayaw
Vehumet
Wu Jian
Xom
Yredelemnul
Zin
The Shining One
Ignis
Jiyva
Lugonu

Shops:
D:6 [


Innate Abilities, Weirdness & Mutations

You have very sharp teeth.
Your uncanny sense of smell can sniff out nearby items.
Your experience applies equally to all skills.


Message History

Trog accepts your kill.
The orc wizard hits you with a +0 dagger.
* * * LOW HITPOINT WARNING * * *
Items here: ) †.
You slice the orc wizard!!
You kill the orc wizard!
Trog accepts your kill.
You can now call in reinforcements.
Trog appreciates your killing of a magic user.
You feel the effects of Trog's Hand fading.
Press: ? - help, v - describe, . - travel, g - get item Item here: a scroll of identify.
The floor.
Unknown command.
You feel a strong urge to attack something.
You feel your anger nearly subside.
You are no longer berserk.
You are exhausted.
You feel yourself slow down.
An orc priest comes into view. It is wielding a +0 dagger.
Items here: )) [[ †.
Your skin stops crawling.
You feel less strong-willed.
The orc priest shouts!
An orc priest comes into view. It is wielding a +0 short sword.
Found a staircase to the Lair.
The orc priest calls down the wrath of Beogh upon you.
Beogh smites you!
* * * LOW HITPOINT WARNING * * *
You block the orc priest's attack.
The orc priest hits you but does no damage.
You see here a scroll of identify.
You're still recovering from your berserk rage.
You slash the orc priest!
The orc priest is severely wounded.
The orc priest miscasts a cantrip. x2
The orc priest hits you but does no damage.
You hit the orc priest. You bite the orc priest.
You kill the orc priest!
Trog accepts your kill.
You barely miss the orc priest. You block the orc priest's attack.
The orc priest hits you with a +0 short sword.
You die...

.........,,*,,,,,,,,,,,*,***,*,*,
.......>.,..............,**,,,,,,
#<..#....,,......>......,,,,,,,,,
...##....,,∆............*,,*,,,,,
...##D...,,*,..........#*,**,**,,
...####.#,,**,........**..**,,***
....##..#*,####.....####..*,,**
........#*##....o........,*,,,***
...(...## #.....@......#,***,,**,
........#*###..)......##..∆,,,,,,
,,,,,,,,,,,##.............,,,***,
,,,,,**,,...........)##..,,,,,**,
,,,,,,,,*#.........)).#*,,,,**,,,
,,,,,,*,*..........))##**,,,,,,,,
,,,,,,,,,..###.....))#*,,,,,,,,*,
,,,,,,,,,..,..........,,,,,,,,,,,
,,,,,,,**,,............,**,,,*,,,


You could see an orc priest.

Vanquished Creatures
  A gargoyle (D:7)
  2 hornets (D:9)
  Grinder (D:6)
  Sigmund (D:3)
  3 wyverns
  5 yaks (D:8)
  Edmund (D:5)
  2 wargs (D:9)
  An acid dragon (D:9)
  A water moccasin (D:7)
  3 orc warriors
  3 ice beasts
  A sky beast (D:7)
  A black bear (D:8)
  3 centaurs
  An ogre (D:5)
  2 phantoms
  5 kobold brigands
  4 bullfrogs
  A scorpion (D:5)
  Dowan (D:6)
  A howler monkey (D:9)
  10 hounds
  A jelly (D:6)
  6 orc priests
  2 iguanas
  3 orc wizards
  8 gnolls (D:2)
  5 adders
  A shadow imp (D:7)
  2 white imps
  An ufetubus (D:5)
  3 dart slugs
  24 orcs
  8 bats
  3 endoplasms
  2 giant cockroaches
  6 goblins
  6 hobgoblins
  6 jackals
  26 kobolds
  6 quokkas
  3 ball pythons
  8 frilled lizards
  4 rats
188 creatures vanquished.

Vanquished Creatures (others)
  Duvessa (D:6)
1 creature vanquished.

Grand Total: 189 creatures vanquished

Notes
Turn   | Place    | Note
-------+----------+-------------------------------------------
     0 | D:1      | jejorda2 the Gnoll Berserker began the quest for the Orb.
     0 | D:1      | Reached XP level 1. HP: 23/23 MP: 1/1
    76 | D:1      | Reached XP level 2. HP: 29/29 MP: 2/2
   300 | D:1      | Reached ** piety under Trog
   301 | D:1      | Reached XP level 3. HP: 35/35 MP: 3/3
   714 | D:2      | Reached skill level 1 in Invocations
   964 | D:2      | Reached skill level 1 in Short Blades
   964 | D:2      | Reached skill level 1 in Long Blades
   964 | D:2      | Reached skill level 1 in Maces & Flails
   964 | D:2      | Reached skill level 1 in Polearms
   964 | D:2      | Reached skill level 1 in Staves
   964 | D:2      | Reached skill level 1 in Ranged Weapons
   964 | D:2      | Reached skill level 1 in Throwing
   964 | D:2      | Reached skill level 1 in Stealth
   964 | D:2      | Reached skill level 1 in Shields
   964 | D:2      | Reached skill level 1 in Unarmed Combat
   964 | D:2      | Reached skill level 1 in Spellcasting
   964 | D:2      | Reached skill level 1 in Evocations
   967 | D:2      | Reached XP level 4. HP: 41/41 MP: 5/5
   972 | D:2      | Reached skill level 1 in Conjurations
   972 | D:2      | Reached skill level 1 in Hexes
   972 | D:2      | Reached skill level 1 in Summonings
   972 | D:2      | Reached skill level 1 in Necromancy
   972 | D:2      | Reached skill level 1 in Translocations
   972 | D:2      | Reached skill level 1 in Transmutations
   972 | D:2      | Reached skill level 1 in Fire Magic
   972 | D:2      | Reached skill level 1 in Ice Magic
   972 | D:2      | Reached skill level 1 in Air Magic
   972 | D:2      | Reached skill level 1 in Earth Magic
   972 | D:2      | Reached skill level 1 in Poison Magic
   972 | D:2      | Reached skill level 1 in Shapeshifting
  1204 | D:2      | HP: 3/61 [gnoll/+0 halberd (7)]
  1207 | D:2      | Reached XP level 5. HP: 6/47 MP: 5/7
  1491 | D:2      | Found a faded altar of an unknown god.
  2638 | D:3      | Noticed Sigmund
  2646 | D:3      | Killed Sigmund
  2647 | D:3      | Reached skill level 5 in Armour
  2647 | D:3      | Reached skill level 5 in Dodging
  2647 | D:3      | Reached XP level 6. HP: 53/53 MP: 7/9
  2914 | D:4      | Reached XP level 7. HP: 55/59 MP: 10/10
  3464 | D:5      | Entered Level 5 of the Dungeon
  3481 | D:5      | Reached *** piety under Trog
  3724 | D:5      | Noticed Edmund
  3734 | D:5      | Reached XP level 8. HP: 43/66 MP: 12/12
  3738 | D:5      | Killed Edmund
  4161 | D:6      | Noticed Dowan
  4164 | D:6      | Noticed Duvessa
  4173 | D:6      | Killed Duvessa
  4176 | D:6      | Killed Dowan
  4439 | D:6      | Noticed Grinder
  4455 | D:6      | Paralysed by Grinder for 5 turns
  4463 | D:6      | Killed Grinder
  4497 | D:6      | Reached XP level 9. HP: 65/73 MP: 14/14
  4620 | D:6      | Found Uqojinezit's Antique Armour Boutique.
  5695 | D:7      | Found a staircase to the Ecumenical Temple.
  5754 | Temple   | Entered the Ecumenical Temple
  5886 | D:7      | Noticed a gargoyle
  5894 | D:7      | Killed a gargoyle
  5895 | D:7      | Reached skill level 5 in Invocations
  6597 | D:8      | Reached XP level 10. HP: 65/80 MP: 17/17
  6604 | D:8      | Reached skill level 5 in Short Blades
  6604 | D:8      | Reached skill level 5 in Long Blades
  6604 | D:8      | Reached skill level 5 in Maces & Flails
  6604 | D:8      | Reached skill level 5 in Polearms
  6604 | D:8      | Reached skill level 5 in Staves
  6604 | D:8      | Reached skill level 5 in Ranged Weapons
  6604 | D:8      | Reached skill level 5 in Throwing
  6604 | D:8      | Reached skill level 5 in Stealth
  6604 | D:8      | Reached skill level 5 in Shields
  6604 | D:8      | Reached skill level 5 in Unarmed Combat
  6604 | D:8      | Reached skill level 5 in Spellcasting
  6604 | D:8      | Reached skill level 5 in Evocations
  6972 | D:8      | Identified a scroll of acquirement
  6972 | D:8      | Acquired 753 gold pieces
  7056 | D:6      | Bought a glowing plate armour for 728 gold pieces
  7368 | D:9      | HP: 4/82 [wyvern (9)]
  7385 | D:9      | Reached **** piety under Trog
  7394 | D:9      | Found a staircase to the Lair.
  7394 | D:9      | HP: 1/82 [orc priest/divine providence (13)]
  7397 | D:9      | Slain by an orc priest

Illustrated notes

Levels and vault maps discovered:
D:1:      dpeg_arrival_rooms_with_view, layout_rooms, columned_hall_lemuel
D:2:      layout_loops_corners, shapermc_ecumenical_altar_mp_ritualfount,
          wander_ebering_terrifying_dragon_lair
D:3:      layout_basic, kennysheep_boxes, uniq_sigmund
D:4:      layout_cave_pods
D:5:      layout_rooms, uniq_edmund
D:6:      layout_basic, serial_shops, nicolae_shop_tiny_statue_garden,
          uniq_grinder, uniq_duvessa
D:7:      layout_layer_cave, minmay_temple_entry_waves
D:8:      layout_rooms
D:9:      layout_cave_pools, erik_lair_orcish_takeover, orc_0_dummy,
          enter_bailey_7, st_stairs_13, uniq_joseph
Temple:   hellmonk_choose_your_character

Skill      XL: |  1  2  3  4  5  6  7  8  9 10 |
---------------+-------------------------------+-----
Invocations    | 1 2 3 4 5 6 |  6.2
Short Blades   | 1 2 3 4 5 |  5.6
Long Blades    | 1 2 3 4 5 |  5.6
Maces & Flails | 1 2 3 4 5 |  5.6
Polearms       | 1 2 3 4 5 |  5.6
Staves         | 1 2 3 4 5 |  5.6
Ranged Weapons | 1 2 3 4 5 |  5.6
Throwing       | 1 2 3 4 5 |  5.6
Stealth        | 1 2 3 4 5 |  5.6
Shields        | 1 2 3 4 5 |  5.6
Unarmed Combat | 1 2 3 4 5 |  5.6
Spellcasting   | 1 2 3 4 5 |  5.6
Evocations     | 1 2 3 4 5 |  5.6
Conjurations   | 1 2 3 4 |  4.6
Hexes          | 1 2 3 4 |  4.6
Summonings     | 1 2 3 4 |  4.6
Necromancy     | 1 2 3 4 |  4.6
Translocations | 1 2 3 4 |  4.6
Transmutations | 1 2 3 4 |  4.6
Fire Magic     | 1 2 3 4 |  4.6
Ice Magic      | 1 2 3 4 |  4.6
Air Magic      | 1 2 3 4 |  4.6
Earth Magic    | 1 2 3 4 |  4.6
Poison Magic   | 1 2 3 4 |  4.6
Shapeshifting  | 1 2 3 4 |  4.6
Armour         | 5 6 7 |  7.3
Dodging        | 5 6 7 |  7.3
Fighting       | 7 8 |  8.7
Axes           | 7 8 |  8.7

Action                     |  1- 3 |  4- 6 |  7- 9 | 10-12 || total
---------------------------+-------+-------+-------+-------++-------
  Melee: Hand axe          |   102 |   105 |    56 |       ||   263
         Bite              |    10 |     9 |    33 |    13 ||    65
         Punch             |       |     3 |    10 |     2 ||    15
         War axe           |       |       |   237 |   104 ||   341
  Throw: Dart              |       |       |       |     1 ||     1
 Invoke: Berserk           |     1 |     2 |     7 |     4 ||    14
         Trog's Hand       |     1 |     2 |     3 |     3 ||     9
  Evoke: Wand              |       |       |     4 |     5 ||     9
    Use: Scroll            |       |       |    16 |     5 ||    21
         Potion            |       |       |       |     5 ||     5
   Stab: Invisible         |       |       |     1 |       ||     1
 Armour: Chain mail        |    37 |    43 |   135 |     9 ||   224
         Plate armour      |       |       |       |    61 ||    61
  Dodge: Dodged            |    34 |    33 |   136 |    67 ||   270
  Block: Other             |    21 |    30 |    71 |    38 ||   160
         Reflection        |       |       |     5 |     1 ||     6

Table legend: (Time is in decaauts)
 A = Elapsed time spent in this place.
 B = Non-inter-level travel time spent in this place.
 C = Inter-level travel time spent in this place.
 D = Time resting spent in this place.
 E = Time spent auto-exploring this place.
 F = Levels seen in this place.
 G = Mean time per level.
                   A        B        C        D        E       F      G
               +--------+--------+--------+--------+--------+-----+--------+
         Total |   7540 |   7163 |    377 |    482 |   5358 |  10 |  754.0 |
       Dungeon |   7460 |   7083 |    377 |    482 |   5280 |   9 |  828.9 |
        Temple |     80 |     80 |      0 |      0 |     78 |   1 |   80.0 |
               +--------+--------+--------+--------+--------+-----+--------+

Top non-repeatable levels by time:
     D:6: 1367 daAuts
     D:2: 1213 daAuts
     D:3: 1076 daAuts
     D:7: 1037 daAuts
     D:8: 784 daAuts
     D:5: 699 daAuts
     D:4: 689 daAuts
     D:1: 503 daAuts
     D:9: 90 daAuts
  Temple: 80 daAuts
